[ AOE2 MATCH · #506248345 ]
UnrankedMagyars vs Tupi
Player's team · WIN
Rival team · LOSS
[ REPLAY ANALYSIS · EXTRACTED FROM THE RECORDED GAME ]
Feudal
9:20
Castle
26:27
Imperial
—
| APM avg | 40.4 |
| APM peak | 61 |
| eAPM avg | 20.2 |
| Villagers / military | 82 / 44 |
Focus
⚔️ 40.3% · 🌾 59.7%
Scout Cavalry ×20 · Magyar Huszar ×12 · Skirmisher ×6 · Mangonel ×2 · Scorpion ×2 · Archer ×1
Feudal
10:31
Castle
15:39
Imperial
—
| APM avg | 25.1 |
| APM peak | 43 |
| eAPM avg | 15.1 |
| Villagers / military | 69 / 4 |
Focus
⚔️ 32.3% · 🌾 67.7%
Unknown (2579) ×33 · Battering Ram ×3 · Mangonel ×1
Match map
Initial resources + every placement click. Lines = walls · curves = elevation contours. ◆ gold · ⬟ stone · ● berries · ✦ relic · ◌ wall gap
Your base· Open — unwalled flank
Jhoonas's base· Open — unwalled flank
Smoothed initial terrain · ◌ = detected wall gap · hover for details
Inputs per minute
— DoN.Vergas - - Jhoonas
Build order — DoN.Vergas
First 150 of 263 actions detected
| 0:00 | Create | Villager (Male) |
| 0:01 | Create | Villager (Male) |
| 0:01 | Create | Villager (Male) |
| 0:01 | Create | Villager (Male) |
| 0:03 | Build | House |
| 0:04 | Build | House |
| 1:21 | Create | Villager (Male) |
| 1:56 | Create | Villager (Male) |
| 1:56 | Create | Villager (Male) |
| 1:59 | Build | Lumber Camp |
| 2:24 | Create | Villager (Male) |
| 2:44 | Create | Villager (Male) |
| 2:59 | Create | Villager (Male) |
| 3:23 | Build | House |
| 3:34 | Research | Loom |
| 3:59 | Create | Villager (Male) |
| 4:19 | Create | Villager (Male) |
| 5:01 | Create | Villager (Male) |
| 5:01 | Create | Villager (Male) |
| 5:06 | Build | Mill |
| 5:29 | Create | Villager (Male) |
| 5:57 | Create | Villager (Male) |
| 5:57 | Create | Villager (Male) |
| 7:10 | Research | Feudal Age |
| 8:01 | Build | Barracks |
| 8:34 | Build | House |
| 8:45 | Build | House |
| 8:48 | Build | Palisade Wall |
| 8:49 | Build | Palisade Wall |
| 8:53 | Create | Villager (Male) |
| 9:20 | Age | Feudal Age |
| 9:25 | Create | Villager (Male) |
| 9:28 | Build | Archery Range |
| 9:30 | Create | Spearman |
| 9:33 | Create | Villager (Male) |
| 9:49 | Build | Watch Tower |
| 10:00 | Create | Villager (Male) |
| 10:05 | Build | Farm |
| 10:07 | Build | Farm |
| 10:12 | Create | Villager (Male) |
| 10:24 | Build | Mining Camp |
| 10:26 | Create | Archer |
| 10:42 | Create | Villager (Male) |
| 10:53 | Build | Watch Tower |
| 11:02 | Create | Villager (Male) |
| 11:04 | Build | Farm |
| 11:24 | Create | Villager (Male) |
| 11:42 | Create | Villager (Male) |
| 11:45 | Build | Farm |
| 11:46 | Build | Farm |
| 11:48 | Build | Farm |
| 11:51 | Build | Watch Tower |
| 12:03 | Create | Skirmisher |
| 12:04 | Create | Villager (Male) |
| 12:20 | Build | House |
| 12:27 | Build | Palisade Wall |
| 12:28 | Build | Palisade Wall |
| 12:29 | Build | Palisade Wall |
| 12:37 | Research | Town Watch |
| 12:42 | Create | Villager (Male) |
| 12:47 | Build | Farm |
| 12:48 | Build | Farm |
| 13:06 | Create | Villager (Male) |
| 13:06 | Create | Skirmisher |
| 13:25 | Build | House |
| 13:28 | Create | Skirmisher |
| 13:39 | Build | Watch Tower |
| 13:49 | Build | Watch Tower |
| 13:57 | Create | Villager (Male) |
| 13:59 | Build | House |
| 14:15 | Create | Villager (Male) |
| 14:15 | Create | Villager (Male) |
| 14:22 | Build | House |
| 14:48 | Build | House |
| 14:50 | Create | Villager (Male) |
| 14:57 | Create | Villager (Male) |
| 15:12 | Build | House |
| 15:18 | Build | Farm |
| 15:19 | Create | Villager (Male) |
| 15:26 | Build | Watch Tower |
| 15:32 | Build | Gate |
| 15:39 | Create | Villager (Male) |
| 15:56 | Build | Watch Tower |
| 15:58 | Create | Villager (Male) |
| 16:14 | Build | Gate |
| 16:16 | Build | Stone Wall |
| 16:17 | Build | Stone Wall |
| 16:19 | Build | Stone Wall |
| 16:21 | Build | Stone Wall |
| 16:22 | Build | Stone Wall |
| 16:24 | Build | Stone Wall |
| 16:31 | Build | Stone Wall |
| 16:33 | Build | Stone Wall |
| 16:47 | Create | Villager (Male) |
| 17:19 | Create | Villager (Male) |
| 17:21 | Build | Watch Tower |
| 17:22 | Build | Watch Tower |
| 17:24 | Build | Watch Tower |
| 17:43 | Create | Villager (Male) |
| 17:47 | Research | Double-Bit Axe |
| 17:47 | Research | Double-Bit Axe |
| 18:05 | Build | Watch Tower |
| 18:10 | Build | Stone Wall |
| 18:11 | Build | Stone Wall |
| 18:12 | Build | Stone Wall |
| 18:24 | Create | Skirmisher |
| 18:27 | Create | Villager (Male) |
| 18:36 | Create | Skirmisher |
| 18:41 | Build | House |
| 18:42 | Create | Villager (Male) |
| 18:55 | Create | Villager (Male) |
| 19:00 | Create | Villager (Male) |
| 19:03 | Build | Farm |
| 19:22 | Create | Villager (Male) |
| 19:37 | Build | Farm |
| 19:39 | Build | Farm |
| 19:41 | Create | Villager (Male) |
| 19:53 | Build | Watch Tower |
| 20:03 | Create | Skirmisher |
| 20:11 | Create | Villager (Male) |
| 20:27 | Create | Villager (Male) |
| 20:40 | Build | Blacksmith |
| 20:42 | Build | Farm |
| 20:44 | Create | Villager (Male) |
| 20:55 | Build | Mining Camp |
| 20:58 | Create | Villager (Male) |
| 21:01 | Build | Farm |
| 21:10 | Build | Farm |
| 21:27 | Build | Palisade Wall |
| 21:29 | Build | Palisade Wall |
| 21:30 | Build | Palisade Wall |
| 21:32 | Build | Palisade Wall |
| 21:44 | Create | Villager (Male) |
| 21:46 | Build | Farm |
| 21:51 | Build | Market |
| 22:17 | Create | Villager (Male) |
| 22:29 | Build | House |
| 22:49 | Create | Villager (Male) |
| 22:57 | Build | Farm |
| 23:29 | Build | Farm |
| 23:36 | Build | House |
| 23:46 | Build | Farm |
| 23:47 | Research | Castle Age |
| 23:48 | Research | Castle Age |
| 23:53 | Build | Farm |
| 23:56 | Build | Farm |
| 23:58 | Build | Farm |
| 24:02 | Build | Farm |
| 24:07 | Build | Palisade Wall |
| 24:08 | Build | Palisade Wall |
Build order — Jhoonas
147 actions detected in the replay
| 0:00 | Create | Villager (Male) |
| 0:01 | Create | Villager (Male) |
| 0:01 | Create | Villager (Male) |
| 0:02 | Build | House |
| 0:06 | Build | House |
| 0:18 | Create | Villager (Male) |
| 1:15 | Create | Villager (Male) |
| 1:30 | Create | Villager (Male) |
| 2:25 | Create | Villager (Male) |
| 2:25 | Create | Villager (Male) |
| 2:51 | Create | Villager (Male) |
| 2:51 | Create | Villager (Male) |
| 3:01 | Create | Villager (Male) |
| 3:26 | Build | Settlement |
| 3:42 | Create | Villager (Male) |
| 4:05 | Create | Villager (Male) |
| 4:06 | Create | Villager (Male) |
| 4:06 | Create | Villager (Male) |
| 4:52 | Create | Villager (Male) |
| 4:58 | Create | Villager (Male) |
| 5:32 | Create | Villager (Male) |
| 5:35 | Build | Settlement |
| 5:56 | Create | Villager (Male) |
| 6:16 | Create | Villager (Male) |
| 6:47 | Create | Villager (Male) |
| 6:49 | Create | Villager (Male) |
| 7:36 | Research | Loom |
| 8:10 | Research | Feudal Age |
| 9:25 | Create | Villager (Male) |
| 9:26 | Create | Villager (Male) |
| 9:37 | Build | Settlement |
| 10:31 | Age | Feudal Age |
| 10:38 | Build | Market |
| 10:40 | Build | Blacksmith |
| 11:10 | Build | Farm |
| 11:12 | Build | Farm |
| 11:41 | Build | Farm |
| 12:59 | Research | Castle Age |
| 15:04 | Create | Villager (Male) |
| 15:04 | Create | Villager (Male) |
| 15:39 | Age | Castle Age |
| 15:49 | Build | Castle |
| 16:26 | Create | Unit 2579 |
| 16:26 | Create | Unit 2579 |
| 16:41 | Create | Unit 2579 |
| 17:23 | Research | Fletching |
| 17:25 | Create | Villager (Male) |
| 17:25 | Create | Villager (Male) |
| 17:53 | Create | Unit 2579 |
| 18:08 | Create | Villager (Male) |
| 18:25 | Create | Unit 2579 |
| 19:03 | Create | Villager (Male) |
| 19:46 | Create | Villager (Male) |
| 20:18 | Build | Settlement |
| 20:19 | Create | Villager (Male) |
| 20:19 | Create | Villager (Male) |
| 20:50 | Build | Farm |
| 21:08 | Create | Unit 2579 |
| 21:08 | Create | Unit 2579 |
| 21:10 | Build | Farm |
| 22:03 | Create | Villager (Male) |
| 22:14 | Build | Settlement |
| 22:18 | Create | Unit 2579 |
| 22:18 | Create | Unit 2579 |
| 22:54 | Build | Farm |
| 22:56 | Build | Farm |
| 22:57 | Create | Villager (Male) |
| 23:38 | Create | Villager (Male) |
| 23:44 | Build | Farm |
| 23:47 | Build | Farm |
| 23:50 | Create | Villager (Male) |
| 23:54 | Create | Unit 2579 |
| 23:54 | Create | Unit 2579 |
| 24:15 | Build | Siege Workshop |
| 24:20 | Create | Villager (Male) |
| 24:39 | Create | Villager (Male) |
| 24:51 | Create | Mangonel |
| 24:53 | Create | Villager (Male) |
| 25:17 | Create | Unit 2579 |
| 25:17 | Create | Unit 2579 |
| 25:32 | Create | Villager (Male) |
| 25:38 | Create | Battering Ram |
| 25:58 | Create | Unit 2579 |
| 25:58 | Create | Villager (Male) |
| 26:20 | Create | Unit 2579 |
| 26:20 | Create | Villager (Male) |
| 26:40 | Research | Double-Bit Axe |
| 27:13 | Create | Unit 2579 |
| 27:13 | Create | Unit 2579 |
| 27:14 | Create | Villager (Male) |
| 27:15 | Create | Villager (Male) |
| 28:01 | Create | Unit 2579 |
| 28:01 | Create | Unit 2579 |
| 28:05 | Research | Bodkin Arrow |
| 28:18 | Create | Unit 2579 |
| 28:18 | Create | Unit 2579 |
| 28:29 | Create | Villager (Male) |
| 28:29 | Create | Villager (Male) |
| 29:01 | Create | Villager (Male) |
| 29:34 | Build | Outpost |
| 29:34 | Create | Villager (Male) |
| 29:34 | Create | Villager (Male) |
| 29:39 | Create | Battering Ram |
| 29:43 | Create | Unit 2579 |
| 29:51 | Build | University |
| 29:52 | Create | Villager (Male) |
| 30:07 | Build | Farm |
| 30:09 | Build | Farm |
| 30:17 | Research | Town Watch |
| 30:48 | Create | Unit 2579 |
| 30:49 | Create | Unit 2579 |
| 30:50 | Create | Villager (Male) |
| 30:51 | Create | Villager (Male) |
| 31:05 | Create | Villager (Male) |
| 31:23 | Research | Ballistics |
| 31:26 | Create | Villager (Male) |
| 31:51 | Create | Villager (Male) |
| 31:51 | Create | Villager (Male) |
| 32:26 | Build | Settlement |
| 32:34 | Create | Villager (Male) |
| 32:47 | Create | Villager (Male) |
| 33:08 | Create | Villager (Male) |
| 33:20 | Build | Farm |
| 33:22 | Build | Farm |
| 33:33 | Research | Bow Saw |
| 33:34 | Create | Villager (Male) |
| 33:59 | Create | Villager (Male) |
| 34:23 | Build | Siege Workshop |
| 34:30 | Create | Villager (Male) |
| 34:37 | Create | Unit 2579 |
| 34:37 | Create | Unit 2579 |
| 34:56 | Create | Villager (Male) |
| 35:01 | Create | Battering Ram |
| 35:12 | Build | Outpost |
| 35:44 | Create | Villager (Male) |
| 35:45 | Create | Unit 2579 |
| 35:45 | Create | Unit 2579 |
| 35:57 | Create | Villager (Male) |
| 35:59 | Create | Unit 2579 |
| 35:59 | Create | Unit 2579 |
| 36:21 | Build | Town Center |
| 36:26 | Create | Unit 2579 |
| 36:41 | Create | Unit 2579 |
| 36:41 | Create | Unit 2579 |
| 36:42 | Create | Villager (Male) |
| 36:42 | Create | Villager (Male) |
| 36:43 | Create | Villager (Male) |
Match timeline
| 8:01 | DoN.Vergas · first_building Barracks |
| 8:48 | DoN.Vergas · wall_segment Palisade Wall x1 |
| 8:49 | DoN.Vergas · wall_segment Palisade Wall x1 |
| 9:20 | DoN.Vergas · age_up feudal |
| 9:28 | DoN.Vergas · first_building Archery Range |
| 10:31 | Jhoonas · age_up feudal |
| 11:44 | Jhoonas · first_market_buy 100 food |
| 12:27 | DoN.Vergas · wall_segment Palisade Wall x1 |
| 12:28 | DoN.Vergas · wall_segment Palisade Wall x1 |
| 12:29 | DoN.Vergas · wall_segment Palisade Wall x1 |
| 15:39 | Jhoonas · age_up castle |
| 15:49 | Jhoonas · first_building Castle |
| 16:16 | DoN.Vergas · wall_segment Stone Wall x1 |
| 16:17 | DoN.Vergas · wall_segment Stone Wall x1 |
| 16:19 | DoN.Vergas · wall_segment Stone Wall x1 |
| 16:21 | DoN.Vergas · wall_segment Stone Wall x1 |
| 16:22 | DoN.Vergas · wall_segment Stone Wall x1 |
| 16:24 | DoN.Vergas · wall_segment Stone Wall x1 |
| 16:31 | DoN.Vergas · wall_segment Stone Wall x1 |
| 16:33 | DoN.Vergas · wall_segment Stone Wall x1 |
| 18:10 | DoN.Vergas · wall_segment Stone Wall x1 |
| 18:11 | DoN.Vergas · wall_segment Stone Wall x1 |
| 18:12 | DoN.Vergas · wall_segment Stone Wall x1 |
| 21:27 | DoN.Vergas · wall_segment Palisade Wall x1 |
| 21:29 | DoN.Vergas · wall_segment Palisade Wall x1 |
| 21:30 | DoN.Vergas · wall_segment Palisade Wall x1 |
| 21:32 | DoN.Vergas · wall_segment Palisade Wall x1 |
| 23:20 | DoN.Vergas · first_market_sell 100 wood |
| 24:07 | DoN.Vergas · wall_segment Palisade Wall x1 |
| 24:08 | DoN.Vergas · wall_segment Palisade Wall x1 |
| 24:09 | DoN.Vergas · wall_segment Palisade Wall x1 |
| 24:15 | Jhoonas · first_building Siege Workshop |
| 24:35 | DoN.Vergas · first_building Stable |
| 26:27 | DoN.Vergas · age_up castle |
| 26:32 | DoN.Vergas · first_building Siege Workshop |
| 29:44 | DoN.Vergas · first_market_buy 100 stone |
| 29:47 | DoN.Vergas · first_building Castle |
| 37:11 | Jhoonas · resign |
[ AI ANALYSIS · 1 CREDIT ]
What really happened in this match?
Wolo.gg analyzes every decision: build order, eco, micro, common mistakes by bracket. Personalized analysis on WhatsApp or Discord in 30 seconds.
Civ guide
Magyars
Perfil
Jugador #467847